 Dungeon Crawl Stone Soup version 0.18.1-1-g2f07953 (webtiles) character file.

48342 Medar the Carver (level 13, -2/95 HPs)
             Began as a Demigod Earth Elementalist on May 6, 2016.
             Engulfed by a cloud of freezing vapour (27 damage)
             ... in an ice cave.
             The game lasted 01:12:44 (27265 turns).

Medar the Carver (Demigod Earth Elementalist)      Turns: 27265, Time: 01:12:45

Health: -2/95      AC: 15    Str: 15    XL:     13   Next: 75%
Magic:  10/29      EV: 16    Int: 32    God:
Gold:   629        SH:  0    Dex: 16    Spells: 7 memorised, 1 level left

rFire  . . .     SeeInvis +     a - +9 great sword of Nagh {freeze, Int+4 Stlth+}
rCold  . . .     Gourm    .     E - +2 ring mail "Zidikuria" {Str+2 SInv}
rNeg   . . .     Faith    .     (shield currently unavailable)
rPois  +         Spirit   .     h - +0 helmet
rElec  .         Dismiss  .     P - +2 cloak {MR+}
rCorr  .         Reflect  .     A - +0 pair of gloves
SustAt +         Harm     +     q - +0 pair of boots
MR     +++..                    K - amulet of harm
Stlth  ++........               o - +3 ring of intelligence
                                U - +4 ring of evasion

@: extremely resistant to hostile enchantments, unstealthy
A: high mp 1, magic resistance 1, poison resistance, sustain attributes
a: no special abilities


You were in an ice cave.
You were hungry.

You visited 3 branches of the dungeon, and saw 20 of its levels.
You also visited: Ossuary and Ice Cave.

You collected 1340 gold pieces.
You spent 711 gold pieces at shops.

Inventory:

Hand Weapons
 a - the +9 great sword of Nagh (weapon) {freeze, Int+4 Stlth+}
   (You acquired it on level 4 of the Lair of Beasts)

   It has been specially enchanted to freeze those struck by it, causing extra
   injury to most foes and up to half again as much damage against particularly
   susceptible opponents.
   It can also slow down cold-blooded creatures.
   It affects your intelligence (+4).
   It makes you more stealthy.
 e - the +8 falchion "Transmigrator" {slice, rF+}
   (You took it off a big kobold on level 8 of the Dungeon)

   It inflicts extra damage upon your enemies.
   It protects you from fire.
Missiles
 b - 251 stones (quivered)
 B - 2 throwing nets {=f =F}
Armour
 h - a +0 helmet (worn)
 q - a +0 pair of boots (worn)
 A - a +0 pair of gloves (worn)
 E - the +2 ring mail "Zidikuria" (worn) {Str+2 SInv}
   (You bought it in a shop on level 5 of the Dungeon)

   It affects your strength (+2).
   It lets you see invisible.
 P - a +2 cloak of magic resistance (worn)
 Z - an ice dragon hide
Jewellery
 o - a +3 ring of intelligence (right hand)
 u - an uncursed ring of resist corrosion
 K - an amulet of harm (around neck)
 U - a +4 ring of evasion (left hand)
 W - an uncursed ring of positive energy
Wands
 j - a wand of digging (6/24)
 z - a wand of teleportation (2/9)
 H - a wand of disintegration (16/24)
 L - a wand of iceblast (7/15)
Scrolls
 v - a scroll of enchant weapon
 w - a scroll of brand weapon
 x - 3 scrolls of fear
 F - 2 scrolls of immolation
 G - 2 scrolls of recharging
 M - 6 scrolls of remove curse {@r1}
 Q - 3 scrolls of teleportation
 R - 2 scrolls of fog
 V - 2 scrolls of magic mapping {@r3}
 X - a scroll of blinking {unknown}
 Y - a scroll of enchant armour
Potions
 f - 3 potions of haste
 g - a potion of cancellation
 i - 12 potions of curing {@q1}
 k - 7 potions of brilliance
 l - 2 potions of lignification
 m - 2 potions of berserk rage {!q}
 n - 3 potions of agility
 p - a potion of heal wounds
 r - a potion of invisibility
 t - 4 potions of might
 I - 9 potions of flight
 J - 2 potions of resistance
 N - 2 potions of magic
Books
 D - a book of Envenomations

   Spells                             Type                      Level
   a - Spider Form                    Transmutation/Poison         3
   b - Olgreb's Toxic Radiance        Poison                       4
   c - Alistair's Intoxication        Transmutation/Poison         5
   d - Poisonous Cloud                Conjuration/Poison/Air       6
Miscellaneous
 y - a lamp of fire
 C - a phantom mirror
Comestibles
 c - 15 royal jellies
 d - 13 bread rations {@e1}
 s - 35 fruits {@e3}
 S - 5 meat rations {@e2}
 T - 5 beef jerkies


   Skills:
 - Level 3.6 Fighting
 - Level 13.5 Long Blades
 - Level 7.1 Armour
 - Level 3.1 Dodging
 - Level 1.7 Stealth
 + Level 7.9 Spellcasting
 + Level 7.3 Conjurations
 - Level 2.1 Transmutations
 - Level 2.4 Fire Magic
 + Level 11.5 Earth Magic


You had one spell level left.
You knew the following spells:

 Your Spells              Type           Power        Failure   Level  Hunger
b - Bolt of Magma         Conj/Fire/Erth ######....   12%         5    ####...
c - Iron Shot             Conj/Erth      ######....   24%         6    #####..
m - Sandblast             Erth           ######       1%          1    None
r - Repel Missiles        Chrm/Air       ##....       14%         2    None
s - Petrify               Trmt/Erth      ######..     4%          4    None
v - Lee's Rapid Deconstr  Erth           ######....   1%          5    ####...
x - Stone Arrow           Conj/Erth      ######       1%          3    None


Dungeon Overview and Level Annotations

Branches:
Dungeon (11/15)            Temple (0/1) D:6            Lair (8/8) D:11
 Shoals (0/4) Lair:3        Snake (0/4) Lair:3        Slime (0/6) Lair:8
    Orc (1/2) D:11

Shops:
D:4 %   D:5 [   D:11 *

Annotations:
D:5 simples's ghost, novice MiBe


Innate Abilities, Weirdness & Mutations

You have an increased reservoir of magic (+10% MP).
Your attributes are resistant to harm.
You are resistant to hostile enchantments.
Your system is resistant to poisons.


Message History

Drink which item? (? for menu, Esc to quit)
You feel much better.
You are engulfed in freezing vapours.
* * * LOW HITPOINT WARNING * * *
The ice statue gestures at you. The bolt of cold hits you!
* * * LOW HITPOINT WARNING * * *
Drink which item? (? for menu, Esc to quit)
You feel much better.
You are engulfed in freezing vapours.
* * * LOW HITPOINT WARNING * * *
The ice statue gestures.
Casting: Bolt of Magma
Confirm with . or Enter, or press ? or * to list all spells.
Aiming: Bolt of Magma
Press: ? - help, Shift-Dir - straight line, f/p - ice statue
Aim: an ice statue (almost destroyed)
The bolt of magma hits the ice statue.
The ice statue melts!
You destroy the ice statue!
You are feeling hungry.
You are engulfed in freezing vapours.
You die...

... ... ...
###.###
##.....##
##.......##
#.....§...#
#...§@....#
#....§§...#
#...§.....#
#.........#
#####.#####
#.........#
#.........#
#.........#


There were no monsters in sight!

Vanquished Creatures
  Kirke (Lair:6)
  Nessos (Lair:5)
  The ghost of Shenda the Transmogrifier, a journeyman DrTm of Qazlal (D:11)
  3 hydras
  An ice dragon (Orc:1)
  2 catoblepae
  The ghost of simples the Severer, a novice MiBe of Trog (D:10)
  2 death yaks
  An unseen horror (D:9)
  A hill giant (D:11)
  An orc knight (Orc:1)
  An ugly thing (D:11)
  2 griffons
  A manticore (D:8)
  10 black mambas
  4 elephants (Lair:7)
  3 ice statues (IceCv)
  8 spiny frogs
  8 komodo dragons
  A torpor snail (Lair:6)
  2 rime drakes
  A queen bee (Lair:6)
  3 polar bears (Orc:1)
  A troll (D:9)
  Grinder (D:5)
  12 blink frogs
  A boulder beetle (Lair:6)
  3 basilisks
  A wyvern (D:11)
  34 yaks
  7 hippogriffs
  2 hungry ghosts (D:11)
  2 wargs
  Menkaure (D:5)
  2 nagas (Lair:3)
  The ghost of M4edhros the Insei, an amateur OpNe (Ossuary)
  2 soldier ants (D:11)
  18 water moccasins
  8 porcupines
  10 ice beasts
  4 sky beasts
  A wasp (D:11)
  A black bear (Lair:1)
  4 orc warriors
  3 ogres
  5 phantoms
  3 necrophages
  12 wolves
  12 crocodiles
  2 centaurs
  A big kobold (D:8)
  22 giant frogs
  A gnoll sergeant (D:4)
  A wyvern skeleton (D:6)
  9 scorpions
  3 water moccasin skeletons
  34 killer bees
  10 howler monkeys
  A troll skeleton (D:9)
  2 spriggan skeletons (D:9)
  2 electric eels (Lair:2)
  A quasit (D:8)
  5 centaur zombies
  A giant frog zombie (D:8)
  5 jellies
  6 hounds
  A human zombie (Ossuary)
  9 orc priests
  Crazy Yiuf (D:2)
  5 centaur skeletons
  2 giant frog skeletons
  A gnoll shaman (D:8)
  15 iguanas
  13 orc wizards
  14 worker ants
  5 sheep (Lair:5)
  2 big kobold zombies (Ossuary)
  2 hound skeletons
  4 mummies
  14 adders
  9 gnolls
  A howler monkey skeleton (D:9)
  33 river rats
  3 shadow imps
  4 oozes
  An adder skeleton (D:4)
  2 adder zombies
  A worm (D:5)
  A dart slug (D:4)
  5 giant geckos
  53 orcs
  8 bats
  5 giant cockroaches
  4 gnoll zombies
  7 goblins
  5 hobgoblins
  8 jackals
  3 quokkas
  2 ball pythons
  9 giant newts
  3 goblin zombies (Ossuary)
  3 hobgoblin zombies
  6 kobolds
  6 kobold zombies
  4 orc zombies
  8 rats
  A butterfly (Lair:3)
  A fungus (Lair:5)
600 creatures vanquished.

Vanquished Creatures (others)
  2 humans (Lair:6)
  A scorpion (Ossuary)
  5 sheep (D:8)
  A dart slug (D:3)
  A goblin (D:3)
  A kobold zombie (Ossuary)
  An orc zombie (Ossuary)
  A bush (D:11)
  8 fungi
  19 plants
40 creatures vanquished.

Grand Total: 640 creatures vanquished

Notes
Turn   | Place    | Note
--------------------------------------------------------------
     0 | D:1      | Medar the Demigod Earth Elementalist began the quest for the Orb.
     0 | D:1      | Reached XP level 1. HP: 14/14 MP: 5/5
   241 | D:1      | Reached XP level 2. HP: 6/20 MP: 1/7
  1025 | D:2      | Reached XP level 3. HP: 26/26 MP: 5/8
  1293 | D:2      | Learned a level 3 spell: Stone Arrow
  1413 | D:2      | Noticed Crazy Yiuf
  1419 | D:2      | Killed Crazy Yiuf
  1419 | D:2      | Reached skill level 1 in Conjurations
  1768 | D:2      | Reached XP level 4. HP: 33/33 MP: 4/9
  1909 | D:3      | Found a radiant altar of Vehumet.
  2951 | D:4      | Found Jady's Food Shop.
  3045 | D:4      | Noticed a gnoll sergeant
  3052 | D:3      | Reached XP level 5. HP: 21/38 MP: 3/10
  3412 | D:4      | Reached skill level 5 in Earth Magic
  3512 | D:4      | Reached XP level 6. HP: 34/45 MP: 7/11
  3764 | D:4      | Learned a level 4 spell: Petrify
  4063 | D:4      | Reached skill level 1 in Transmutations
  4687 | D:4      | Reached XP level 7. HP: 42/50 MP: 4/13
  4972 | D:4      | Found a basalt altar of Yredelemnul.
  4991 | D:5      | Entered Level 5 of the Dungeon
  5003 | D:5      | Noticed simples's ghost (novice MiBe)
  5116 | D:5      | Found Juurur's Antique Armour Emporium.
  5134 | D:5      | Bought a pair of gloves for 85 gold pieces
  5152 | D:5      | Noticed Grinder
  6258 | D:5      | Bought a transparent ring mail for 171 gold pieces
  6268 | D:5      | Identified the +2 ring mail "Zidikuria" {Str+2 SInv} (You bought it in a shop on level 5 of the Dungeon)
  6421 | D:5      | Killed Grinder
  6805 | D:5      | Noticed Menkaure
  6805 | D:5      | Reached XP level 8. HP: 52/57 MP: 8/15
  6811 | D:5      | Killed Menkaure
  6943 | D:5      | Found an opulent altar of Gozag.
  7379 | D:6      | Learned a level 5 spell: Lee's Rapid Deconstruction
  7384 | D:6      | Found a burning altar of Makhleb.
  7395 | D:6      | Found a sand-covered staircase.
  7405 | Ossuary  | Entered an ossuary
  7597 | Ossuary  | Reached skill level 1 in Fighting
  7608 | Ossuary  | Noticed M4edhros's ghost (amateur OpNe)
  7615 | Ossuary  | Killed M4edhros's ghost
  7848 | Ossuary  | Reached skill level 5 in Conjurations
  9132 | D:6      | Found an oddly glowing altar of Pakellas.
  9132 | D:6      | Noticed a fire dragon
  9265 | D:6      | Found a staircase to the Ecumenical Temple.
  9498 | D:7      | Reached XP level 9. HP: 65/68 MP: 11/18
 10126 | D:7      | Found a shadowy altar of Dithmenos.
 10281 | D:7      | Found a white marble altar of Elyvilon.
 10281 | D:7      | Noticed a deep elf mage
 10281 | D:7      | Noticed a deep elf mage
 11105 | D:8      | Found a shimmering altar of Xom.
 11310 | D:8      | Noticed a manticore
 11311 | D:8      | Reached skill level 5 in Armour
 11316 | D:8      | HP: 2/70 [manticore (5)]
 11321 | D:8      | Killed a manticore
 11321 | D:8      | Reached skill level 5 in Spellcasting
 11564 | D:8      | Reached XP level 10. HP: 66/77 MP: 13/21
 11782 | D:8      | Noticed a catoblepas
 11794 | D:8      | Killed a catoblepas
 12090 | D:8      | Got a blackened falchion {slice}
 12091 | D:8      | Identified the +8 falchion "Transmigrator" {slice, rF+} (You took it off a big kobold on level 8 of the Dungeon)
 12137 | D:8      | Found an iron altar of Okawaru.
 12240 | D:8      | Reached skill level 1 in Long Blades
 12438 | D:9      | Reached skill level 2 in Long Blades
 12598 | D:9      | Noticed an unseen horror
 12648 | D:9      | Reached skill level 3 in Long Blades
 12705 | D:9      | Reached skill level 4 in Long Blades
 12722 | D:9      | Reached skill level 5 in Long Blades
 12958 | D:9      | Found a shimmering altar of Xom.
 13477 | D:9      | Reached skill level 6 in Long Blades
 13829 | D:9      | Killed an unseen horror
 13974 | D:10     | Entered Level 10 of the Dungeon
 14089 | D:10     | Noticed simples's ghost (novice MiBe)
 14135 | D:10     | HP: 1/77 [simples's ghost (26)]
 14542 | D:10     | Gained mutation: You are resistant to hostile enchantments. [mutagenic meat]
 14544 | D:10     | Gained mutation: Your system is resistant to poisons. [mutagenic meat]
 14578 | D:10     | Killed simples's ghost
 14578 | D:10     | Reached skill level 7 in Long Blades
 14578 | D:10     | Reached XP level 11. HP: 82/82 MP: 1/23
 15517 | D:11     | Noticed a hill giant
 15542 | D:11     | Found Toriff's Demolitions Depot.
 15558 | D:11     | Found a staircase to the Orcish Mines.
 16173 | D:11     | Reached skill level 10 in Earth Magic
 16312 | D:11     | Found a staircase to the Lair.
 16672 | D:11     | Noticed Shenda's ghost (journeyman DrTm)
 17174 | Lair:1   | Entered Level 1 of the Lair of Beasts
 17826 | Lair:1   | Reached skill level 8 in Long Blades
 18618 | Lair:1   | Reached XP level 12. HP: 90/90 MP: 15/25
 18786 | Lair:2   | Reached skill level 9 in Long Blades
 19503 | Lair:2   | Noticed a six-headed hydra
 19513 | Lair:2   | Killed a six-headed hydra
 19862 | Lair:2   | Reached skill level 10 in Long Blades
 20231 | Lair:3   | Found a staircase to the Snake Pit.
 20773 | Lair:3   | Found a staircase to the Shoals.
 21131 | Lair:4   | Identified a scroll of acquirement
 21134 | Lair:4   | Got a crystal great sword
 21135 | Lair:4   | Identified the +9 great sword of Nagh {freeze, Int+4 Stlth+} (You acquired it on level 4 of the Lair of Beasts)
 21792 | Lair:5   | Noticed a four-headed hydra
 21833 | Lair:5   | Killed a four-headed hydra
 21952 | Lair:5   | Reached skill level 11 in Long Blades
 22247 | Lair:5   | Noticed Nessos
 22270 | Lair:5   | Killed Nessos
 23732 | Lair:6   | Reached skill level 12 in Long Blades
 23732 | Lair:6   | Reached XP level 13. HP: 78/95 MP: 28/28
 23973 | Lair:6   | Noticed Kirke
 23978 | Lair:6   | Killed Kirke
 24284 | Lair:6   | Found a burning altar of Makhleb.
 24728 | Lair:7   | Identified the Compendium of Supportive Transmutation (You found it on level 7 of the Lair of Beasts)
 24730 | Lair:7   | Reached skill level 13 in Long Blades
 25359 | Lair:7   | Learned a level 6 spell: Iron Shot
 25365 | Lair:7   | Learned a level 5 spell: Bolt of Magma
 25681 | Lair:8   | Entered Level 8 of the Lair of Beasts
 25699 | Lair:8   | Reached skill level 1 in Fire Magic
 25803 | Lair:8   | Found a viscous altar of Jiyva.
 25803 | Lair:8   | Found a staircase to the Slime Pits.
 26356 | D:11     | Killed Shenda's ghost
 26704 | D:11     | Bought a book of Air for 455 gold pieces
 26712 | D:11     | Learned a level 2 spell: Repel Missiles
 26725 | Orc:1    | Entered Level 1 of the Orcish Mines
 26887 | Orc:1    | Found a frozen archway.
 26946 | IceCv    | Entered an ice cave
 27265 | IceCv    | Engulfed by a cloud of freezing vapour

Skill      XL: |  1  2  3  4  5  6  7  8  9 10 11 12 13 |
---------------+----------------------------------------+-----
Earth Magic    | 3 4 5 7 8 11 | 11.5
Conjurations   | 1 2 3 4 5 6 7 |  7.3
Spellcasting   | 2 3 5 6 7 |  7.9
Transmutations | 1 2 |  2.1
Armour         | 3 4 5 7 |  7.1
Fighting       | 2 3 |  3.6
Dodging        | 2 3 |  3.1
Long Blades    | 7 8 12 13 | 13.5
Fire Magic     | 2 |  2.4
Stealth        | |  1.7

Action                   |  1- 3 |  4- 6 |  7- 9 | 10-12 | 13-15 || total
-------------------------+-------+-------+-------+-------+-------++-------
Melee: Quarterstaff      |    15 |    11 |    52 |     6 |       ||    84
       Falchion          |       |       |       |   283 |       ||   283
       Great sword       |       |       |       |   120 |   123 ||   243
 Cast: Sandblast         |    69 |   149 |   290 |     6 |       ||   514
       Stone Arrow       |       |       |    27 |   358 |    66 ||   451
       Petrify           |       |       |     1 |       |     1 ||     2
       Lee's Rapid Decon |       |       |       |    14 |    22 ||    36
       Bolt of Magma     |       |       |       |       |    14 ||    14
       Repel Missiles    |       |       |       |       |     1 ||     1
Evoke: Wand              |       |       |       |     3 |       ||     3
  Use: Scroll            |     4 |     4 |     7 |    22 |     5 ||    42
       Potion            |       |       |     4 |     2 |     2 ||     8
 Stab: Distracted        |       |     1 |       |       |     1 ||     2
       Sleeping          |       |       |       |     7 |       ||     7
  Eat: Chunk             |     3 |     8 |     8 |    40 |    15 ||    74
       Royal jelly       |       |     1 |       |       |       ||     1
       Meat ration       |       |       |     3 |       |       ||     3
       Pizza             |       |       |       |     2 |     1 ||     3
Armor: Robe              |    14 |    28 |    12 |       |       ||    54
       Ring mail         |       |       |   101 |   168 |    47 ||   316
Dodge: Dodged            |    42 |    37 |   143 |   357 |   111 ||   690
       Deflected         |       |       |       |       |     3 ||     3
